 Dungeon Crawl Stone Soup version 0.26-a0-663-g36e8fdb655 (webtiles) character file.

Game seed: 16424445659789436189

1302 jasper the Cruncher (level 8, -3/97 HPs)
             Began as a Palentonga Gladiator on Oct 12, 2020.
             Was a Believer of Wu Jian.
             Slain by an orc warrior
             ... wielding a +0 glaive
              (15 damage)
             ... on level 6 of the Dungeon.
             The game lasted 00:09:56 (5719 turns).

jasper the Cruncher (Palentonga Gladiator)          Turns: 5719, Time: 00:09:57

Health: -3/97      AC: 24    Str: 18 (19) XL:     8   Next: 31%
Magic:  8/8        EV:  1    Int:  7 (9)  God:    Wu Jian [**....]
Gold:   277        SH:  0    Dex:  9 (12) Spells: 7/7 levels left

rFire    . . .     SeeInvis +   a - +0 quarterstaff
rCold    . . .     Faith    .   (shield currently unavailable)
rNeg     + + +     Spirit   .   (armour currently unavailable)
rPois    +         Reflect  .   (helmet currently unavailable)
rElec    .         Harm     .   (cloak currently unavailable)
rCorr    .         Rampage  .   (gloves currently unavailable)
MR       .....     NoTele   +   (no barding)
Stlth    +.........             (no amulet)
HPRegen  0.26/turn              (no ring)
MPRegen  0.11/turn              (no ring)

@: tree-form, studying Ice Magic, lightly drained
A: large, rugged brown scales 3, see invisible
a: Wall Jump, Renounce Religion


You were on level 6 of the Dungeon.
You worshipped Wu Jian.
Wu Jian was pleased with you.
You were a tree.
You visited 2 branches of the dungeon, and saw 7 of its levels.

You collected 277 gold pieces.

Inventory:

Hand Weapons
 a - a +0 quarterstaff (weapon)
Missiles
 m - 210 stones (quivered)
Armour
 b - a +0 leather armour
 c - a +0 helmet (melded)
 d - a cursed +0 cloak (melded)
 f - a +0 ring mail
 h - a +0 chain mail
 l - a +0 scale mail (melded)
Scrolls
 g - 3 scrolls of amnesia {unknown}
 i - 5 scrolls of identify {unknown}
 j - a scroll of remove curse {unknown}
 k - 2 scrolls of fog {unknown}
 q - 2 scrolls of teleportation {unknown}
 r - 2 scrolls of random uselessness {unknown}
 t - a scroll of immolation {unknown}
 u - a scroll of enchant armour {unknown}
 w - a scroll of enchant weapon {unknown}
Potions
 e - 2 potions of degeneration
 o - a potion of flight
 s - a potion of curing
Books
 v - a manual of Ice Magic


   Skills:
 - Level 2.0 Fighting
 * Level 10.5(10.4) Staves
 - Level 1.3 Throwing
 - Level 0.1(0.0) Armour
 - Level 2.4 Dodging


You had 7 spell levels left.
You didn't know any spells.
Your spell library contained the following spells:

 Spells                   Type           Power        Failure   Level
 Magic Dart               Conj           #...         43%         1
 Searing Ray              Conj           #.....       56%         2
 Dazzling Flash           Conj/Hex       #.....       80%         3
 Fulminant Prism          Conj/Hex       #.........   99%         4
 Iskenderun's Mystic Bla  Conj/Tloc      #.......     99%         4


Dungeon Overview and Level Annotations

Branches:
Dungeon (6/15)             Temple (1/1) D:6

Altars:
Ashenzari
Gozag
Hepliaklqana
Makhleb
Trog
Uskayaw
Wu Jian
Xom


Innate Abilities, Weirdness & Mutations

(You are completely covered in rugged brown scales. (AC +3, +7% HP))
You have supernaturally acute eyesight. (SInv)
((Armour fits poorly on your strangely shaped body.))
((You can roll at foes to attack.))
((You have a long armoured tail.))


Message History

The orc is almost dead.
The orc warrior hits you with a +0 glaive.
* * * LOW HITPOINT WARNING * * *
The orc hits you but does no damage.
You take 2 damage, and have 13/97 hp.
You hit the orc but do no damage.
The orc is almost dead.
The orc warrior hits you with a +0 glaive.
* * * LOW HITPOINT WARNING * * *
The orc hits you but does no damage.
You take 1 damage, and have 12/97 hp.
You closely miss the orc.
The orc is almost dead.
You hit the orc.
You kill the orc!
The Council accepts your kill. The orc warrior completely misses you.
You hit the orc warrior but do no damage.
The orc warrior hits you with a +0 glaive!
You die...

###### #.....
#.....###### .....+
#..........# #.....#
#..........# #.....###
#....$.....# #......<.
#.....)♣...#####........
+.....[o................
#.......................
#.....#####.............
#>....# #.............
#.....# #.............
#.....# #.............
#.....# #.....###'##..
#../..# #.....+....#..


You could see an orc warrior.

Vanquished Creatures
  A phantom (D:5)
  2 ogres
  A centaur (D:5)
  A bullfrog (D:6)
  A scorpion (D:4)
  A water moccasin skeleton (D:5)
  5 wights
  3 orc priests
  A centaur skeleton (D:6)
  2 orc wizards
  3 iguanas (D:5)
  3 worker ants
  A hound skeleton (D:5)
  3 gnolls (D:6)
  10 adders
  A shadow imp (D:5)
  2 white imps
  An ufetubus (D:5)
  2 oozes
  5 worms
  A leopard gecko (D:5)
  13 orcs
  9 giant cockroaches
  8 hobgoblins
  10 jackals
  A quokka (D:3)
  2 ball pythons
  4 bats
  5 frilled lizards
  6 goblins
  9 kobolds
  8 rats
125 creatures vanquished.

Notes
Turn   | Place    | Note
-------+----------+-------------------------------------------
     0 | D:1      | jasper the Palentonga Gladiator began the quest for the
                  | Orb.
     0 | D:1      | Reached XP level 1. HP: 18/18 MP: 1/1
   191 | D:1      | Reached XP level 2. HP: 24/25 MP: 2/2
  1091 | D:2      | Reached skill level 4 in Staves
  1092 | D:2      | Reached XP level 3. HP: 17/31 MP: 3/3
  1690 | D:2      | Found an opulent altar of Gozag.
  1982 | D:2      | Reached XP level 4. HP: 38/38 MP: 4/4
  2259 | D:2      | Reached skill level 5 in Staves
  2796 | D:3      | Found a hazy altar of Hepliaklqana.
  2797 | D:3      | Found an ornate altar of the Wu Jian Council.
  2797 | D:3      | Found a bloodstained altar of Trog.
  2798 | D:3      | Found a broken altar of Ashenzari.
  2805 | D:3      | Became a worshipper of the Wu Jian Council
  2884 | D:3      | Reached XP level 5. HP: 43/43 MP: 5/5
  3070 | D:3      | Reached * piety under Wu Jian
  3140 | D:3      | Reached skill level 6 in Staves
  3436 | D:4      | Noticed an ogre
  3465 | D:4      | Killed an ogre
  3465 | D:4      | Reached skill level 7 in Staves
  3465 | D:4      | Reached XP level 6. HP: 15/51 MP: 6/6
  3658 | D:4      | Noticed a +0 hand axe
  3658 | D:4      | Noticed a +0 dagger
  3659 | D:4      | Found a hide-covered altar of Uskayaw.
  3749 | D:4      | Noticed an orc warrior
  3772 | D:5      | Entered Level 5 of the Dungeon
  3799 | D:5      | Reached skill level 8 in Staves
  3799 | D:5      | Reached XP level 7. HP: 23/58 MP: 7/7
  4546 | D:5      | Reached skill level 9 in Staves
  4981 | D:6      | Found a burning altar of Makhleb.
  4999 | D:6      | Found a staircase to the Ecumenical Temple.
  5040 | D:6      | Reached XP level 8. HP: 50/65 MP: 8/8
  5139 | D:6      | Found a shimmering altar of Xom.
  5171 | Temple   | Entered the Ecumenical Temple
  5181 | D:6      | Reached skill level 10 in Staves
  5533 | D:5      | Reached ** piety under Wu Jian
  5719 | D:6      | Slain by an orc warrior

Illustrated notes

Levels and vault maps discovered:
D:1:      psy_arrival_dodecagon, layout_basic, kennysheep_another_room,
          ebering_dispersal_statue_hall
D:2:      layout_basic, nicolae_gozag_cash_rules_everything_around_me
D:3:      layout_rooms, chequers_temple_overflow_statue_of_worship
D:4:      layout_basic, nicolae_ru_awakened_eye, dancing_weapons_uskayaw,
          chequers_serial_rivers_micro_e, hangedman_abyss_or_decor_stabs,
          minmay_manual_monolith
D:5:      layout_cave_pools, gup_sewer_entry_spiral
D:6:      layout_gridville, bloody_makhleb, kennysheep_mini_moat,
          minmay_temple_entry_overgrown, serial_bayou, serial_bayou_pond_d,
          serial_bayou_crossing, serial_bayou_pond_d, serial_bayou_pond_e
Temple:   minmay_temple_forest_path

Skill      XL: |  1  2  3  4  5  6  7  8 |
---------------+-------------------------+-----
Staves         | 4 5 7 8 9 10 | 10.5
Fighting       | |  2.0
Throwing       | |  1.3
Armour         | |  0.1
Dodging        | |  2.4

Action                   |  1- 3 |  4- 6 |  7- 9 || total
-------------------------+-------+-------+-------++-------
Melee: Quarterstaff      |   116 |   145 |   159 ||   420
       Tailslap          |    11 |    19 |    16 ||    46
Throw: Throwing net      |       |     4 |     3 ||     7
       Stone             |       |       |     2 ||     2
Invok: Lunge             |       |     5 |       ||     5
       Whirlwind         |       |     4 |     7 ||    11
 Abil: Rolling Charge    |    15 |    24 |    22 ||    61
  Use: Potion            |       |     2 |     8 ||    10
 Stab: Held in net/web   |       |       |     1 ||     1
Armor: Ring mail         |    27 |       |       ||    27
       Scale mail        |    30 |    54 |    50 ||   134
       Skin              |       |       |    13 ||    13
Dodge: Dodged            |    56 |    56 |    42 ||   154

Table legend: (Time is in decaauts)
 A = Elapsed time spent in this place.
 B = Non-inter-level travel time spent in this place.
 C = Inter-level travel time spent in this place.
 D = Time resting spent in this place.
 E = Time spent auto-exploring this place.
 F = Levels seen in this place.
 G = Mean time per level.
                   A        B        C        D        E       F      G
               +--------+--------+--------+--------+--------+-----+--------+
         Total |   5758 |   5611 |    147 |   1548 |   3130 |   7 |  822.6 |
       Dungeon |   5459 |   5312 |    147 |   1257 |   3130 |   6 |  909.8 |
        Temple |    298 |    298 |      0 |    291 |      0 |   1 |  298.0 |
               +--------+--------+--------+--------+--------+-----+--------+

Top non-repeatable levels by time:
     D:2: 1317 daAuts
     D:5: 1312 daAuts
     D:1: 1083 daAuts
     D:3: 828 daAuts
     D:4: 573 daAuts
     D:6: 344 daAuts
  Temple: 298 daAuts
